AoeStats
← Worker

Golden Pit

510153884Analyzed
1v1 RM · 2d ago on Sep 29, 2026· 30m 16s· 2 players
Game mode
Random Map
Map size
Tiny (2 player)
Population
200
Speed
Normal
Resources
Standard
Victory
Conquest
Starting age
Dark Age
Ending age
Imperial Age
RankedLock teamsTeams togetherTeam positionsShared explorationLock speedFull tech treeHidden civsTurbo modeCheats
Victory
Defeat
🇪🇸 Franks · Spain
1127
+16
🇺🇸 Danes · United States
1135
-16
AquarianAge
6:46 Loom
9:49 Feudal Age
10:33 Double-Bit Axe
12:10 Wheelbarrow
13:40 Man-at-Arms
22:03 Castle Age
21:57 Scale Mail Armor
22:08 Forging
23:50 Bow Saw
23:50 Squires
23:35 Arson
23:55 Fletching
28:18 Bodkin Arrow
Worker
10:21 Feudal Age
10:31 Man-at-Arms
11:44 Double-Bit Axe
11:40 Horse Collar
12:38 Arson
13:23 Forging
13:53 Loom
17:36 Scale Mail Armor
22:08 Castle Age
22:34 Long Swordsman
23:17 Squires
23:55 Iron Casting
27:02 Husbandry
27:30 Padded Archer Armor
27:20 Fletching
Connection lost

Rejoining the realm…

Still unreachable

The connection could not be restored.

Session expired

The server has moved on; the page needs a fresh start.